[ AOE2 MATCH · #504927587 ]
UnrankedMaya vs Portuguese
Player's team · LOSS
[ REPLAY ANALYSIS · EXTRACTED FROM THE RECORDED GAME ]
Feudal
11:17
Castle
21:37
Imperial
—
| APM avg | 24.7 |
| APM peak | 81 |
| eAPM avg | 11.3 |
| Villagers / military | 38 / 12 |
Focus
⚔️ 26.5% · 🌾 73.5%
Skirmisher ×8 · Militia ×3 · Spearman ×1
Feudal
13:20
Castle
18:02
Imperial
—
| APM avg | 65.9 |
| APM peak | 107 |
| eAPM avg | 40.2 |
| Villagers / military | 55 / 24 |
Focus
⚔️ 47.9% · 🌾 52.1%
Organ Gun ×21 · Battering Ram ×3
Match map
Initial resources + every placement click. Lines = walls · curves = elevation contours. ◆ gold · ⬟ stone · ● berries · ✦ relic · ◌ wall gap
Your base· Open — 9t gap
Parzivall's base· Open — 5t gap
Smoothed initial terrain · ◌ = detected wall gap · hover for details
Inputs per minute
— Arlechinno - - Parzivall
Build order — Arlechinno
100 actions detected in the replay
| 0:00 | Research | Loom |
| 0:00 | Research | Loom |
| 0:02 | Build | House |
| 0:02 | Build | House |
| 0:08 | Queue | Villager (Male) |
| 0:08 | Queue | Villager (Male) |
| 0:09 | Queue | Villager (Male) |
| 0:09 | Queue | Villager (Male) |
| 1:26 | Queue | Villager (Male) |
| 1:46 | Queue | Villager (Male) |
| 1:55 | Build | Lumber Camp |
| 2:27 | Queue | Villager (Male) |
| 2:39 | Queue | Villager (Male) |
| 3:21 | Queue | Villager (Male) |
| 3:30 | Build | House |
| 3:36 | Queue | Villager (Male) |
| 3:44 | Build | House |
| 3:45 | Build | Palisade Wall |
| 4:06 | Queue | Villager (Male) |
| 4:44 | Queue | Villager (Male) |
| 5:01 | Build | Barracks |
| 5:04 | Queue | Villager (Male) |
| 5:29 | Queue | Villager (Male) |
| 5:50 | Queue | Villager (Male) |
| 5:58 | Queue | Villager (Male) |
| 6:03 | Build | House |
| 6:09 | Queue | Militia |
| 6:12 | Queue | Villager (Male) |
| 6:22 | Queue | Militia |
| 6:31 | Build | Mill |
| 6:40 | Queue | Militia |
| 6:41 | Queue | Villager (Male) |
| 7:05 | Queue | Villager (Male) |
| 7:18 | Queue | Villager (Male) |
| 7:47 | Queue | Villager (Male) |
| 7:47 | Queue | Villager (Male) |
| 9:07 | Research | Feudal Age |
| 9:17 | Build | Lumber Camp |
| 9:31 | Build | House |
| 9:42 | Build | House |
| 9:45 | Build | Palisade Wall |
| 10:16 | Queue | Villager (Male) |
| 10:26 | Build | House |
| 10:29 | Build | Palisade Wall |
| 10:38 | Build | Palisade Wall |
| 10:57 | Build | Palisade Wall |
| 11:03 | Build | House |
| 11:17 | Age | Feudal Age |
| 11:19 | Build | Archery Range |
| 11:21 | Research | Double-Bit Axe |
| 11:23 | Research | Horse Collar |
| 11:24 | Queue | Villager (Male) |
| 11:36 | Build | Farm |
| 11:38 | Build | Farm |
| 11:51 | Build | Palisade Wall |
| 11:53 | Queue | Villager (Male) |
| 11:55 | Build | Farm |
| 12:09 | Queue | Skirmisher |
| 12:11 | Queue | Skirmisher |
| 12:12 | Queue | Villager (Male) |
| 12:23 | Build | Farm |
| 12:34 | Build | Farm |
| 12:37 | Queue | Skirmisher |
| 12:39 | Queue | Villager (Male) |
| 12:56 | Build | Farm |
| 13:02 | Queue | Skirmisher |
| 13:12 | Queue | Villager (Male) |
| 13:14 | Build | Farm |
| 13:45 | Queue | Villager (Male) |
| 13:46 | Queue | Skirmisher |
| 13:48 | Build | Farm |
| 13:50 | Build | Farm |
| 13:54 | Build | Farm |
| 13:55 | Queue | Villager (Male) |
| 14:08 | Queue | Spearman |
| 14:14 | Build | Farm |
| 14:16 | Queue | Skirmisher |
| 14:31 | Queue | Villager (Male) |
| 14:34 | Build | Farm |
| 14:37 | Build | Farm |
| 15:07 | Queue | Villager (Male) |
| 15:09 | Queue | Skirmisher |
| 15:13 | Build | Farm |
| 15:15 | Build | Farm |
| 15:20 | Queue | Skirmisher |
| 15:21 | Queue | Villager (Male) |
| 15:47 | Build | Farm |
| 15:49 | Build | Farm |
| 16:02 | Queue | Villager (Male) |
| 16:03 | Queue | Villager (Male) |
| 16:06 | Build | Mining Camp |
| 16:13 | Queue | Villager (Male) |
| 16:34 | Build | Blacksmith |
| 17:04 | Build | House |
| 17:08 | Build | House |
| 17:11 | Queue | Villager (Male) |
| 17:31 | Queue | Villager (Male) |
| 17:37 | Research | Wheelbarrow |
| 18:22 | Research | Castle Age |
| 21:37 | Age | Castle Age |
Build order — Parzivall
First 150 of 174 actions detected
| 0:01 | Queue | Villager (Male) |
| 0:02 | Build | House |
| 0:03 | Build | House |
| 0:13 | Queue | Villager (Male) |
| 0:13 | Queue | Villager (Male) |
| 0:17 | Queue | Villager (Male) |
| 0:17 | Queue | Villager (Male) |
| 1:24 | Queue | Villager (Male) |
| 1:25 | Queue | Villager (Male) |
| 1:25 | Queue | Villager (Male) |
| 1:59 | Build | Lumber Camp |
| 2:00 | Queue | Villager (Male) |
| 2:00 | Queue | Villager (Male) |
| 2:00 | Queue | Villager (Male) |
| 2:14 | Queue | Villager (Male) |
| 2:46 | Queue | Villager (Male) |
| 2:47 | Queue | Villager (Male) |
| 2:47 | Queue | Villager (Male) |
| 3:16 | Queue | Villager (Male) |
| 3:16 | Queue | Villager (Male) |
| 3:25 | Build | Palisade Wall |
| 3:27 | Build | Palisade Wall |
| 3:36 | Queue | Villager (Male) |
| 3:36 | Queue | Villager (Male) |
| 3:40 | Queue | Villager (Male) |
| 3:40 | Queue | Villager (Male) |
| 4:14 | Build | House |
| 4:36 | Queue | Villager (Male) |
| 4:36 | Queue | Villager (Male) |
| 5:11 | Queue | Villager (Male) |
| 5:47 | Queue | Villager (Male) |
| 5:50 | Build | Mill |
| 6:10 | Queue | Villager (Male) |
| 6:13 | Queue | Villager (Male) |
| 6:28 | Build | House |
| 6:37 | Research | Loom |
| 6:37 | Research | Loom |
| 7:29 | Queue | Villager (Male) |
| 7:43 | Build | Farm |
| 7:49 | Queue | Villager (Male) |
| 7:58 | Build | Palisade Wall |
| 8:03 | Build | Palisade Wall |
| 8:09 | Build | Farm |
| 8:11 | Build | Farm |
| 8:13 | Queue | Villager (Male) |
| 8:40 | Queue | Villager (Male) |
| 8:42 | Build | Farm |
| 8:42 | Build | Farm |
| 8:45 | Build | Palisade Wall |
| 8:47 | Build | Palisade Wall |
| 8:48 | Build | Palisade Wall |
| 8:51 | Build | Palisade Wall |
| 8:53 | Build | Palisade Wall |
| 8:54 | Build | Palisade Wall |
| 8:57 | Build | Palisade Wall |
| 9:10 | Queue | Villager (Male) |
| 9:13 | Build | Farm |
| 9:18 | Build | Palisade Wall |
| 9:31 | Queue | Villager (Male) |
| 9:36 | Build | Farm |
| 9:53 | Build | House |
| 9:57 | Build | Palisade Wall |
| 9:59 | Build | Palisade Wall |
| 10:02 | Build | Palisade Wall |
| 10:09 | Build | Palisade Wall |
| 10:11 | Build | Palisade Wall |
| 10:17 | Queue | Villager (Male) |
| 10:22 | Build | Mining Camp |
| 10:34 | Build | Farm |
| 10:35 | Queue | Villager (Male) |
| 10:41 | Build | Farm |
| 10:47 | Build | Farm |
| 10:57 | Research | Feudal Age |
| 10:57 | Research | Feudal Age |
| 10:57 | Research | Feudal Age |
| 11:22 | Build | Palisade Wall |
| 11:24 | Build | Palisade Wall |
| 11:26 | Build | Palisade Wall |
| 11:27 | Build | Palisade Wall |
| 11:29 | Build | Palisade Wall |
| 11:34 | Build | Palisade Wall |
| 11:35 | Build | Palisade Wall |
| 11:41 | Build | Palisade Gate |
| 11:43 | Build | Palisade Wall |
| 11:43 | Build | Palisade Wall |
| 11:44 | Build | Palisade Wall |
| 11:58 | Build | Palisade Wall |
| 12:27 | Build | Palisade Gate |
| 12:29 | Build | House |
| 12:45 | Build | Palisade Wall |
| 12:45 | Build | Palisade Wall |
| 13:20 | Age | Feudal Age |
| 13:21 | Build | House |
| 13:26 | Queue | Villager (Male) |
| 13:45 | Build | Market |
| 14:01 | Queue | Villager (Male) |
| 14:40 | Build | Blacksmith |
| 15:22 | Research | Castle Age |
| 15:22 | Research | Castle Age |
| 15:22 | Research | Castle Age |
| 15:54 | Build | Mining Camp |
| 16:19 | Research | Double-Bit Axe |
| 16:19 | Research | Double-Bit Axe |
| 16:19 | Research | Double-Bit Axe |
| 16:19 | Research | Double-Bit Axe |
| 16:28 | Queue | Villager (Male) |
| 16:39 | Build | Mining Camp |
| 17:11 | Build | Palisade Wall |
| 17:11 | Build | Palisade Wall |
| 17:32 | Research | Horse Collar |
| 17:32 | Research | Horse Collar |
| 17:33 | Research | Gold Mining |
| 17:33 | Research | Gold Mining |
| 17:33 | Research | Gold Mining |
| 17:34 | Queue | Villager (Male) |
| 18:02 | Age | Castle Age |
| 18:36 | Queue | Villager (Male) |
| 18:45 | Build | Castle |
| 18:58 | Queue | Villager (Male) |
| 19:00 | Build | Palisade Wall |
| 19:27 | Build | Lumber Camp |
| 19:29 | Queue | Villager (Male) |
| 19:45 | Queue | Villager (Male) |
| 19:59 | Queue | Villager (Male) |
| 20:20 | Queue | Villager (Male) |
| 20:32 | Build | Siege Workshop |
| 20:40 | Queue | Organ Gun |
| 20:40 | Queue | Organ Gun |
| 20:40 | Queue | Organ Gun |
| 20:40 | Queue | Organ Gun |
| 20:40 | Queue | Organ Gun |
| 20:59 | Queue | Villager (Male) |
| 21:06 | Queue | Organ Gun |
| 21:06 | Queue | Organ Gun |
| 21:30 | Queue | Battering Ram |
| 21:31 | Queue | Battering Ram |
| 21:34 | Queue | Villager (Male) |
| 21:44 | Queue | Organ Gun |
| 21:45 | Queue | Organ Gun |
| 21:45 | Queue | Organ Gun |
| 21:57 | Queue | Organ Gun |
| 21:58 | Queue | Villager (Male) |
| 22:08 | Build | Farm |
| 22:36 | Build | Farm |
| 22:39 | Build | Farm |
| 22:42 | Build | Farm |
| 22:43 | Queue | Villager (Male) |
| 22:54 | Queue | Organ Gun |
| 22:55 | Queue | Villager (Male) |
| 23:12 | Queue | Organ Gun |
Match timeline
| 3:25 | Parzivall · wall_segment Palisade Wall x1 |
| 3:27 | Parzivall · wall_segment Palisade Wall x1 |
| 3:45 | Arlechinno · wall_segment Palisade Wall x1 |
| 5:01 | Arlechinno · first_building Barracks |
| 7:58 | Parzivall · wall_segment Palisade Wall x5 |
| 8:03 | Parzivall · wall_segment Palisade Wall x5 |
| 8:45 | Parzivall · wall_segment Palisade Wall x1 |
| 8:47 | Parzivall · wall_segment Palisade Wall x1 |
| 8:48 | Parzivall · wall_segment Palisade Wall x1 |
| 8:51 | Parzivall · wall_segment Palisade Wall x1 |
| 8:53 | Parzivall · wall_segment Palisade Wall x1 |
| 8:54 | Parzivall · wall_segment Palisade Wall x1 |
| 8:57 | Parzivall · wall_segment Palisade Wall x1 |
| 9:18 | Parzivall · wall_segment Palisade Wall x4 |
| 9:45 | Arlechinno · wall_segment Palisade Wall x7 |
| 9:57 | Parzivall · wall_segment Palisade Wall x1 |
| 9:59 | Parzivall · wall_segment Palisade Wall x1 |
| 10:02 | Parzivall · wall_segment Palisade Wall x1 |
| 10:09 | Parzivall · wall_segment Palisade Wall x1 |
| 10:11 | Parzivall · wall_segment Palisade Wall x1 |
| 10:29 | Arlechinno · wall_segment Palisade Wall x12 |
| 10:38 | Arlechinno · wall_segment Palisade Wall x20 |
| 10:57 | Arlechinno · wall_segment Palisade Wall x6 |
| 11:17 | Arlechinno · age_up feudal |
| 11:19 | Arlechinno · first_building Archery Range |
| 11:22 | Parzivall · wall_segment Palisade Wall x1 |
| 11:24 | Parzivall · wall_segment Palisade Wall x1 |
| 11:26 | Parzivall · wall_segment Palisade Wall x1 |
| 11:27 | Parzivall · wall_segment Palisade Wall x1 |
| 11:29 | Parzivall · wall_segment Palisade Wall x1 |
| 11:34 | Parzivall · wall_segment Palisade Wall x1 |
| 11:35 | Parzivall · wall_segment Palisade Wall x1 |
| 11:43 | Parzivall · wall_segment Palisade Wall x1 |
| 11:43 | Parzivall · wall_segment Palisade Wall x1 |
| 11:44 | Parzivall · wall_segment Palisade Wall x1 |
| 11:51 | Arlechinno · wall_segment Palisade Wall x4 |
| 11:58 | Parzivall · wall_segment Palisade Wall x13 |
| 12:45 | Parzivall · wall_segment Palisade Wall x9 |
| 12:45 | Parzivall · wall_segment Palisade Wall x1 |
| 13:20 | Parzivall · age_up feudal |
| 15:20 | Parzivall · first_market_sell 100 wood |
| 17:11 | Parzivall · wall_segment Palisade Wall x1 |
| 17:11 | Parzivall · wall_segment Palisade Wall x1 |
| 18:02 | Parzivall · age_up castle |
| 18:45 | Parzivall · first_building Castle |
| 19:00 | Parzivall · wall_segment Palisade Wall x1 |
| 20:32 | Parzivall · first_building Siege Workshop |
| 20:37 | Parzivall · first_market_buy 100 wood |
| 21:37 | Arlechinno · age_up castle |
[ AI ANALYSIS · 1 CREDIT ]
What really happened in this match?
Wolo.gg analyzes every decision: build order, eco, micro, common mistakes by bracket. Personalized analysis on WhatsApp or Discord in 30 seconds.
Civ guide
Maya
Perfil
Arlechinno